 Dungeon Crawl Stone Soup version 0.15.0-12-gccce430 (webtiles) character file.

45076 DrPain the Tortoise (level 13, 0/128 HPs)
             Began as a Minotaur Berserker on Sept 1, 2014.
             Was an Elder of Trog.
             Killed by divine providence
             ... invoked by an orc high priest
              (14 damage)
             ... on Level 4 of the Orcish Mines.
             The game lasted 01:59:10 (20504 turns).

DrPain the Tortoise (Minotaur Berserker)           Turns: 20504, Time: 01:59:10

HP   0/128       AC 35     Str 24      XL: 13   Next: 99%
MP   5/5         EV  2     Int  3      God: Trog [****..]
Gold 1149        SH 18     Dex 14      Spells:  0 memorised, 12 levels left

rFire  + . .     SeeInvis .     y - +3 demon whip (elec)
rCold  + . .     Clarity  .     p - +3 gold dragon armour
rNeg   + . .     rCorr    .     X - +0 large shield
rPois  +         rRot     .     M - +2 hat
rElec  .         Spirit   .     o - +1 ratskin cloak {rPois rN+ Dex-1 Int-1}
SustAb .         Warding  .     l - +0 pair of gloves
rMut   +         Stasis   .     L - +0 pair of boots
Gourm  .                        d - amulet of resist mutation
MR     .....                    n - +3 ring of protection
                                I - +2 ring of strength

@: exhausted, slowed, very slow, not resistant to hostile enchantments,
extremely unstealthy
A: retaliatory headbutt, horns 2
a: Burn Spellbooks, Berserk, Trog's Hand, Brothers in Arms, Renounce Religion


You were on level 4 of the Orcish Mines.
You worshipped Trog.
Trog was greatly pleased with you.
You were hungry.

You visited 3 branches of the dungeon, and saw 21 of its levels.

You collected 2033 gold pieces.
You spent 884 gold pieces at shops.

Inventory:

Hand weapons
 e - the +6 great mace of the Peculiar Ships {antimagic, rF+ Stlth+}
   (Trog gifted it to you on level 4 of the Orcish Mines)

   It disrupts the flow of magical energy around spellcasters and certain
   magical creatures (including the wielder).
   It protects you from fire.
   It makes you more stealthy.
 t - a +4 antimagic great mace
 y - a +3 demon whip of electrocution (weapon)
 R - a +4 greatsling of flaming
Missiles
 K - 149 stones (quivered)
 N - 43 sling bullets
Armour
 l - a +0 pair of gloves (worn)
 o - the +1 ratskin cloak (worn) {rPois rN+ Dex-1 Int-1}
   (You bought it in a shop on level 4 of the Dungeon)

   It affects your intelligence (-1).
   It affects your dexterity (-1).
   It protects you from poison.
   It protects you from negative energy.
 p - a +3 gold dragon armour (worn)
 F - a troll hide
 L - a +0 pair of boots (worn)
 M - a +2 hat (worn)
 O - an ice dragon hide
 X - a +0 large shield (worn)
Magical devices
 b - a wand of frost (11)
 k - a wand of polymorph (16)
 q - a wand of hasting (5)
 z - a wand of confusion (15)
 C - a wand of draining (3)
 D - a wand of slowing (8) {unknown}
 G - a wand of digging (5)
 U - a wand of magic darts (11)
 W - a wand of enslavement (15)
Comestibles
 c - a bread ration
 i - 8 meat rations
 v - 3 beef jerkies
 P - a slice of pizza
 Q - a fruit
 T - 2 chunks of orc flesh
Scrolls
 s - 4 scrolls of remove curse
 w - 4 scrolls of teleportation
 x - 4 scrolls of identify
 H - a scroll of magic mapping
 J - a scroll of recharging
 S - a scroll of fear
Jewellery
 d - an amulet of resist mutation (around neck)
 h - an uncursed ring of see invisible
 n - a +3 ring of protection (right hand)
 u - an uncursed ring of protection from fire
 B - the ring of Simusk {Ice +Blink +Rage rN+}
   (You bought it in a shop on level 4 of the Dungeon)

   [ring of ice]

   It enhances your ice magic, and weakens your fire magic.
   It makes you vulnerable to fire.
   It protects you from cold.
   It protects you from negative energy.
   It lets you blink.
   It lets you go berserk.
 I - a +2 ring of strength (left hand)
Potions
 a - 3 potions of brilliance
 f - a potion of lignification
 g - 3 potions of curing
 j - a potion of heal wounds
 m - 4 potions of resistance
 r - 3 potions of restore abilities
Miscellaneous
 E - a plain deck of wonders
 Z - an ornate deck of escape


   Skills:
 + Level 16.0 Fighting
 - Level 12.0 Maces & Flails
 + Level 17.2 Armour
 + Level 2.4 Dodging
 + Level 11.0 Shields


You had 12 spell levels left.
You didn't know any spells.

Dungeon Overview and Level Annotations

Branches:
Dungeon (9/15)             Temple (0/1) D:4             Orc (4/4) D:9
   Lair (8/8) D:9          Shoals (0/5) Lair:4       Spider (0/5) Lair:3
  Slime (0/6) Lair:8
    Elf: Orc:3-4

Altars:
Cheibriados
Makhleb
Nemelex Xobeh
Okawaru
Trog
Vehumet

Shops:
D:4 [[=   Orc:3 *[


Innate Abilities, Weirdness & Mutations

You reflexively headbutt those who attack you in melee.
You have a pair of horns on your head.


Message History

The orcs go into a battle-frenzy!
The orc high priest mumbles some strange prayers to Beogh against you.
Something smites you!
* * * LOW HITPOINT WARNING * * *
You block the orange demon's attack. You block the orc warrior's attack.
You block the orange demon's attack. The orc warrior hits you with a mace.
* * * LOW HITPOINT WARNING * * *
The blue devil hits you but does no damage.
You see here a war axe.
The blue devil disappears in a puff of smoke!
The orange demon stings you but does no damage.
You block the rat skeleton's attack. You block the orange demon's attack.
The orc warrior hits you with a mace.
* * * LOW HITPOINT WARNING * * *
The orc knight roars a battle-cry!
Drink which item? (? for menu, Esc to quit)
You feel better. You block the orange demon's attack.
The orc high priest mumbles some strange prayers to Beogh against you.
Something smites you!
You die...

.........................))).#.##
........#......................#.
##........#####.#......).........
#......###...##....<............
##.#).##o).oo.##..........).....
##.))###..)o..o.##...............
#).[##...o)##3Z44#...#..)........
))))##..o.# ##4Zo##.....)......_.
...##...oo #..@.#......).......
##.#...o4 ##..................
##.# ...o #..........)..##...
#### .. ###....))##....#....# .#
. #.#.....##....#...... ##
#.#..))#.....###.#.## .##
##.....)....### ##.... ..##
#..)........# ##... .#.##
#.).)........# #...


You could see an orc knight, 2 orc high priests, 3 orange demons, a chaos spawn,
an orc sorcerer, an orc warrior (frenzied), an orc wizard (frenzied), a rat
skeleton and a yak skeleton.

Vanquished Creatures
  3 hydras
  The ghost of CryptoCactus the Grappler, a powerful TrMo (Lair:1)
  An orc high priest (Orc:4)
  7 death yaks
  A deep troll shaman (Lair:8)
  A catoblepas (Lair:8)
  3 orc knights (Orc:4)
  A griffon (Lair:8)
  3 orc sorcerers (Orc:4)
  3 black mambas
  A wolf spider (Lair:3)
  6 elephants
  14 spiny frogs
  A torpor snail (Lair:5)
  8 komodo dragons
  Grinder (D:6)
  17 blink frogs
  2 polar bears (Lair:8)
  5 trolls
  2 slime creatures (Lair:8)
  4 basilisks
  21 yaks
  Eustachio (D:6)
  Grum (Orc:1)
  A hungry ghost (D:8)
  4 hippogriffs
  21 wolves
  Edmund (D:7)
  15 water moccasins
  5 porcupines
  2 black bears
  12 orc warriors
  2 ice beasts
  An orc zombie (Orc:4)
  2 phantoms (D:9)
  4 centaurs
  4 ogres
  A big kobold (D:8)
  11 crocodiles
  10 giant frogs
  A scorpion (D:9)
  2 eyes of draining (D:4)
  9 killer bees
  3 crimson imps
  3 goliath beetles
  7 hounds
  13 orc wizards
  4 jellies
  2 two-headed ogre skeletons
  14 orc priests
  Natasha (thrice) (D:6)
  A black bear skeleton (D:6)
  7 worker ants
  12 iguanas
  An iron imp (Orc:4)
  10 orange rats (Lair:4)
  18 sheep
  15 adders
  3 gnolls (D:3)
  74 green rats
  3 shadow imps
  2 steam dragon skeletons (D:9)
  A giant mite (D:3)
  A white imp (Orc:4)
  A gnoll skeleton (D:7)
  An inept item mimic (D:5)
  An adder skeleton (D:4)
  5 giant geckos
  2 oozes
  98 orcs
  2 ball pythons
  7 giant cockroaches
  10 hobgoblins
  2 jackals (D:5)
  21 kobolds
  10 quokkas
  14 bats
  3 giant newts
  11 goblins
  A hobgoblin skeleton (D:4)
  2 kobold skeletons
  2 orc skeletons (D:6)
  27 rats
  A bush (Lair:6)
  A fungus (Lair:7)
  A plant (Lair:3)
636 creatures vanquished.

Vanquished Creatures (collateral kills)
  An orc high priest (Orc:2)
  An orc sorcerer (Orc:4)
  A sixfirhy (Orc:2)
  An orange demon (Orc:4)
  A hellwing (Orc:2)
  2 deep elf magi (Orc:4)
  A warg (Orc:2)
  A swamp drake (Orc:4)
  4 orc warriors (Orc:2)
  4 ogres
  A crimson imp (Orc:4)
  6 orc priests
  6 orc wizards
  A shadow imp (Orc:4)
  14 orcs
  4 rat skeletons (Orc:4)
49 creatures vanquished.

Vanquished Creatures (others)
  A two-headed ogre (Orc:4)
  5 ogres (Orc:4)
  3 orcs
  An orc zombie (Orc:4)
  4 rat skeletons (Orc:4)
  A fungus (Lair:6)
  2 plants (D:9)
17 creatures vanquished.

Grand Total: 702 creatures vanquished

Notes
Turn   | Place    | Note
--------------------------------------------------------------
     0 | D:1      | DrPain, the Minotaur Berserker, began the quest for the Orb.
     0 | D:1      | Reached XP level 1. HP: 19/19 MP: 1/1
    95 | D:1      | Reached skill level 4 in Maces & Flails
   100 | D:1      | Reached XP level 2. HP: 16/27 MP: 1/1
   605 | D:1      | Acquired Trog's second power
   663 | D:2      | Reached XP level 3. HP: 19/33 MP: 2/2
   965 | D:2      | Reached skill level 5 in Maces & Flails
  1516 | D:2      | Found a radiant altar of Vehumet.
  1593 | D:2      | Reached XP level 4. HP: 33/40 MP: 2/2
  1758 | D:3      | Reached skill level 6 in Maces & Flails
  1883 | D:3      | Reached skill level 7 in Maces & Flails
  1883 | D:3      | Reached XP level 5. HP: 46/46 MP: 2/2
  2331 | D:3      | Found a sparkling altar of Nemelex Xobeh.
  2333 | D:3      | Found an iron altar of Okawaru.
  2574 | D:4      | Found a staircase to the Ecumenical Temple.
  2586 | D:4      | Found Igugut's Armour Emporium.
  2617 | D:4      | Found a bloodstained altar of Trog.
  2630 | D:4      | Reached skill level 8 in Maces & Flails
  2630 | D:4      | Reached XP level 6. HP: 52/52 MP: 1/3
  2734 | D:4      | Noticed an orc warrior
  2747 | D:4      | Killed an orc warrior
  2747 | D:4      | Reached skill level 9 in Maces & Flails
  2768 | D:4      | Found Frow's Antique Armour Shoppe.
  2898 | D:4      | Found Psekh's Jewellery Shop.
  3122 | D:5      | Entered Level 5 of the Dungeon
  3173 | D:5      | Reached XP level 7. HP: 58/58 MP: 3/3
  3265 | D:5      | Acquired Trog's third power
  3400 | D:5      | Reached skill level 10 in Maces & Flails
  3703 | D:5      | Found a snail-covered altar of Cheibriados.
  3986 | D:6      | Noticed Natasha
  3998 | D:6      | Killed Natasha
  4220 | D:6      | Noticed Eustachio
  4227 | D:6      | Killed Eustachio
  4227 | D:6      | Reached skill level 11 in Maces & Flails
  4287 | D:6      | Noticed Grinder
  4309 | D:6      | Paralysed by Grinder for 7 turns
  4323 | D:6      | Killed Grinder
  4323 | D:6      | Reached XP level 8. HP: 37/66 MP: 3/3
  4807 | D:6      | Reached skill level 12 in Maces & Flails
  4818 | D:6      | Noticed Natasha
  4823 | D:6      | Killed Natasha
  5014 | D:6      | Noticed Natasha
  5019 | D:6      | Killed Natasha
  5199 | D:4      | Bought a +3 ring of protection for 210 gold pieces
  5476 | D:7      | Noticed Edmund
  5487 | D:7      | Killed Edmund
  5868 | D:7      | Reached skill level 5 in Fighting
  5873 | D:7      | Reached skill level 5 in Armour
  6209 | D:7      | Reached XP level 9. HP: 75/75 MP: 4/4
  7293 | D:8      | Received a gift from Trog
  7955 | D:9      | Reached skill level 10 in Armour
  7955 | D:9      | Reached XP level 10. HP: 89/91 MP: 4/4
  8115 | D:9      | Found a staircase to the Orcish Mines.
  8223 | D:9      | Found a staircase to the Lair.
  8225 | D:9      | Noticed a komodo dragon
  8244 | D:9      | Killed a komodo dragon
  8421 | Lair:1   | Entered Level 1 of the Lair of Beasts
  8441 | Lair:1   | Noticed CryptoCactus' ghost (powerful TrMo)
  8459 | Lair:1   | Killed CryptoCactus' ghost
  8600 | Lair:1   | Reached skill level 10 in Fighting
  8650 | Lair:1   | Noticed a black mamba
  8657 | Lair:1   | Killed a black mamba
  9186 | Lair:1   | Noticed a four-headed hydra
  9198 | Lair:1   | Killed a four-headed hydra
  9523 | Lair:2   | Reached XP level 11. HP: 82/102 MP: 4/4
  9934 | Lair:2   | Reached skill level 13 in Armour
  9949 | Lair:2   | Noticed a black mamba
  9955 | Lair:2   | Killed a black mamba
 10167 | Lair:2   | Received a gift from Trog
 10168 | Lair:2   | Got a slimy great mace {god gift}
 11255 | Lair:3   | Reached skill level 14 in Armour
 11258 | Lair:3   | Found a hole to the Spider Nest.
 11506 | Lair:4   | Identified a scroll of acquirement
 11643 | Lair:4   | Found a staircase to the Shoals.
 11933 | Lair:4   | Received a gift from Trog
 12036 | Lair:4   | Reached XP level 12. HP: 69/115 MP: 5/5
 12039 | Lair:4   | Reached skill level 1 in Shields
 12494 | Lair:4   | Reached skill level 15 in Armour
 13161 | Lair:5   | Received a gift from Trog
 13313 | Lair:5   | Noticed a six-headed hydra
 13319 | Lair:5   | Killed a six-headed hydra
 14747 | Lair:6   | Reached skill level 16 in Armour
 14951 | Lair:6   | Received a gift from Trog
 15270 | Lair:7   | Reached skill level 5 in Shields
 16147 | Lair:8   | Entered Level 8 of the Lair of Beasts
 16147 | Lair:8   | Found a staircase to the Slime Pits.
 16206 | Lair:8   | Reached skill level 15 in Fighting
 16206 | Lair:8   | Reached XP level 13. HP: 124/126 MP: 5/5
 16315 | Lair:8   | Received a gift from Trog
 16630 | Lair:8   | Received a gift from Trog
 17006 | Lair:8   | Noticed a six-headed hydra
 17024 | Lair:8   | Killed a six-headed hydra
 17840 | D:6      | Noticed a komodo dragon
 17846 | D:6      | Killed a komodo dragon
 17926 | D:4      | Bought the +1 ratskin cloak {rPois rN+ Dex-1 Int-1} for 207 gold pieces
 18037 | D:4      | Bought the ring of Simusk {Ice +Blink +Rage rN+} for 467 gold pieces
 18195 | Orc:1    | Entered Level 1 of the Orcish Mines
 18195 | Orc:1    | Noticed Grum
 18203 | Orc:1    | Killed Grum
 18345 | Orc:2    | Received a gift from Trog
 18399 | Orc:2    | Reached skill level 10 in Shields
 18937 | Orc:2    | Reached skill level 17 in Armour
 19028 | Orc:3    | Found Smaaseas' Assorted Antiques.
 19030 | Orc:3    | Found Apapi's Armour Emporium.
 19224 | Orc:4    | Entered Level 4 of the Orcish Mines
 19527 | Orc:4    | Received a gift from Trog
 19528 | Orc:4    | Got a smoking great mace {god gift}
 19534 | Orc:4    | Identified the +6 great mace of the Peculiar Ships {antimagic, rF+ Stlth+} (Trog gifted it to you on level 4 of the Orcish Mines)
 20076 | Orc:4    | Paralysed by an orc sorcerer for 7 turns
 20196 | Orc:4    | Found a burning altar of Makhleb.
 20504 | Orc:4    | Killed from afar by an orc high priest

Action                   |  1- 3 |  4- 6 |  7- 9 | 10-12 | 13-15 || total
-------------------------+-------+-------+-------+-------+-------++-------
Melee: Mace              |    92 |    32 |       |       |       ||   124
       Morningstar       |       |   107 |   275 |       |       ||   382
       Great mace        |       |       |    38 |       |    32 ||    70
       Demon whip        |       |       |    15 |   668 |   472 ||  1155
       Unarmed           |       |       |       |   100 |       ||   100
Invok: Berserk           |       |     3 |    14 |     4 |     8 ||    29
       Burn Spellbooks   |       |       |     2 |       |     1 ||     3
       Brothers in Arms  |       |       |       |       |    19 ||    19
Evoke: Wand              |       |       |       |     8 |       ||     8
  Use: Scroll            |     3 |     7 |     7 |    10 |     2 ||    29
       Potion            |       |       |     8 |     5 |     9 ||    22
 Stab: Fleeing           |       |       |       |       |     1 ||     1
  Eat: Chunk             |     1 |     9 |    14 |     7 |     7 ||    38
       Fruit             |       |       |     2 |     1 |     2 ||     5
       Royal jelly       |       |       |     1 |       |     1 ||     2
       Bread ration      |       |       |     2 |     4 |     2 ||     8
       Meat ration       |       |       |     1 |       |       ||     1
       Beef jerky        |       |       |       |     1 |     1 ||     2
       Pizza             |       |       |       |     3 |     1 ||     4
